Workbook
Name JR_PAGE_ANCHOR_1_1: '第600章 '!$B$2
Name JR_PAGE_ANCHOR_1_1: '第300章 '!$B$1
Name JR_PAGE_ANCHOR_1_1: '第200章 '!$A$1

Sheet 封面
A2: 2026年六合区程桥街道农路养护工程
A6: 工
A7: 程
A8: 量
A9: 清
A10: 单
A13: 招 标 人：
A14: 招标代理：
A15: 二○二六年十月

Sheet 总说明
A1: 总说明
A3: 项目名称：2026年六合区程桥街道农路养护工程 | G3: 标段号：
A4: （在编制投标控制价和投标报价工程量清单时，必须不加修改地采用招标工程量清单中下列一至四条，内容包括但不限于下列条款。）
A5: 一、工程量清单说明
A6: （1）本工程量清单是根据招标文件中包括的有合同约束力的工程量清单计量规则、图纸以及有关工程量清单的国家标准、行业标准、合同条款中约定的其他规则编制。约定计量规则中没有的子目，其工程量按照有合同约束力的图纸所标示尺寸的理论净量计算。计量采用中华人民共和国法定计量单位。
A7: （2）本工程量清单应与招标文件中的投标人须知、通用合同条款、专用合同条款、工程量清单计量规则、技术规范及图纸等一起阅读和理解。
A8: （3）工程量清单中所列工程数量是估算的或设计的预计数量，仅作为投标报价的共同基础，不能作为最终结算与支付的依据。实际支付应按实际完成的工程量，由承包人按工程量清单计量规则规定的计量方法，以监理人认可的尺寸、断面计量，按工程量清单的单价和总额价计算支付金额；或根据具体情况，按《公路工程标准施工招标文件》合同条款15.4款的规定，按监理人确定的单价或总额价计算支付金额。
A9: （4）如无说明，本工程量清单各章节是按第八章“工程量清单计量规则”、第七章“技术规范”的相应章次编号的，因此，工程量清单中各章工程子目的范围与计量等应与“工程量清单计量规则”“技术规范”相应章节的范围、计量与支付条款结合起来理解或解释。
A10: （5）对作业和材料的一般说明或规定，未重复写入工程量清单内，在给工程量清单各子目标价前，应参阅第七章“技术规范”的有关内容。
A11: （6）工程量清单中所列工程量的变动，丝毫不会降低或影响合同条款的效力，也不免除承包人按规定的标准进行施工和修复缺陷的责任。
A12: （7）图纸中所列的工程数量表及数量汇总表仅是提供资料，不是工程量清单的外延。当图纸与工程量清单所列数量不一致时，以工程量清单所列数量作为报价的依据。
A13: 二、投标报价说明
A14: （1）工程量清单中的每一子目须填入单价或价格，且只允许有一个报价。
A15: （2）除非合同另有规定，工程量清单中有标价的单价和总额价均已包含了为实施和完成合同工程所需的劳务、材料、机械、质检（自检）、安装、缺陷修复、管理、保险、税费、利润等费用，以及合同明示或暗示的所有责任、义务和一般风险。
... A28: （4）其余详见招标文件《项目专用本》、《公路工程标准施工招标文件》“技术规范”之内容。

Sheet 汇总表
D1: 汇总表
B2: 标段号： | E2: 货币单位：人民币元
B3: 序号 | C3: 章次 | D3: 科目名称 | E3: 金 额
B4: 1 | C4: 第 100章 | D4: 总则 | E4: =第100章!E6 -> 0
B5: 2 | C5: 第 200章 | D5: 路基工程 | E5: ='第200章 '!H12 -> 0
B6: 3 | C6: 第 300章 | D6: 路面工程 | E6: ='第300章 '!J20 -> 0
B7: 4 | C7: 第 400章 | D7: 桥梁、涵洞工程 | E7: /
B8: 5 | C8: 第 500章 | D8: 隧道工程 | E8: /
B9: 6 | C9: 第 600章 | D9: 安全设施及预埋管线 | E9: ='第600章 '!I23 -> 0
B10: 7 | C10: 第 700章 | D10: 绿化及环境保护设施 | E10: /
B11: 8 | C11: 第100章至第700章合计（=1+2+3+4+5+6+7） | E11: =SUM(E4:E10) -> 0
B12: 9 | C12: 安全生产费(1.5%) | E12: =E11*0.015 -> 0
B13: 10 | C13: 暂列金（不可竞争费） | E13: =100000 -> 100000
B14: 11 | C14: 代理费（不可竞争费） | E14: 37465.472
B15: 12 | C15: 总价（8+9+10+11=12） | E15: =SUM(E11:E14) -> 137465.47

Sheet 第100章
A1: 子目工程量清单
A2: =汇总表!B2 -> 标段号： | G2: 货币单位：人民币元
A3: 清单 第100章 总 则
A4: 子目号 | B4: 子目名称 | C4: 子目特征 | D4: 单位 | E4: 数量 | F4: 单价 | G4: 合价
A5: 102-1 | B5: 竣工文件 | C5: 1、见招标文件技术规范 | D5: 总额 | E5: 1 | F5: 0 | G5: =E5*F5 -> 0
A6: 第100章小计（结转至第 页工程量清单汇总表）人民币 | E6: =SUM(G5) -> 0 | G6: 元

Sheet 第200章  
A1: 子目工程量清单
A2: =汇总表!B2 -> 标段号： | J2: 货币单位：人民币元
A3: 清单 第200章 路 基
A4: 子目号 | B4: 子目名称 | C4: 子目特征 | D4: 单位 | E4: 数量 | J4: 单 价 | K4: 合 价
E5: 井曹线 | F5: 北杨线 | G5: 光丁线 | H5: 傅黄线 | I5: 小计
A6: 202-2 | B6: 挖除旧路面
A7: -a | B7: 水泥混凝土路面 | C7: 1.挖除水泥砼路面，厚度约18cm, 2.含切割、凿除、垃圾清运等，运距自行考虑 3.具体做法及要求以设计图纸为准 | D7: m2 | E7: 1426.6667 | F7: 791.66667 | G7: 120 | H7: 819.44444 | I7: =SUM(E7:H7) -> 3157.7778 | J7: 0 | K7: =I7*J7 -> 0
A8: -b | B8: 沥青混凝土路面 | C8: 1.铣刨沥青砼，厚度约4cm, 2.含切割、铣刨、垃圾清运等，运距自行考虑 3.具体做法及要求以设计图纸为准 | D8: m2 | G8: 1307.5 | I8: =SUM(E8:H8) -> 1307.5 | J8: 0 | K8: =I8*J8 -> 0
A9: -c | B9: 沥青混凝土路面 | C9: 1.铣刨沥青砼，厚度约6cm, 2.含切割、铣刨、垃圾清运等，运距自行考虑 3.具体做法及要求以设计图纸为准 | D9: m2 | F9: 5683.3333 | G9: 120 | I9: =SUM(E9:H9) -> 5803.3333 | J9: 0 | K9: =I9*J9 -> 0
A10: -d | B10: 碎石路面 | C10: 1.挖除级配碎石，厚度约15cm, 2.含开挖、垃圾清运等，运距自行考虑 3.具体做法及要求以设计图纸为准 | D10: m2 | E10: 1426.6667 | F10: 791.33333 | G10: 120 | H10: 819.33333 | I10: =SUM(E10:H10) -> 3157.3333 | J10: 0 | K10: =I10*J10 -> 0
C11: 合计
A12: 第200章小计（结转至第 页工程量清单汇总表）人民币 | H12: =SUM(K7:K10) -> 0 | K12: 元

Sheet 第300章  
B1: 子目工程量清单
B2: =汇总表!B2 -> 标段号： | K2: 货币单位：人民币元
B3: 清单 第300章 路 面
B4: 子目号 | C4: 子目名称 | D4: 子目特征 | E4: 单位 | F4: 数量 | K4: 单 价 | L4: 合价
F5: 井曹线 | G5: 北杨线 | H5: 光丁线 | I5: 傅黄线 | J5: 小计
B6: 302-1 | C6: 15cm级配碎石修补 | D6: 1.15cm级配碎石 2.具体做法及要求以设计图纸为准 | E6: m2 | F6: 1426.57 | G6: 791.42 | H6: 120 | I6: 819.21 | J6: =F6+G6+H6+I6 -> 3157.2 | K6: 0 | L6: =J6*K6 -> 0
B7: 308-2 | C7: 沥青粘层 | D7: 1.粘层油选用改性乳化沥青,其用量应 通过试洒确定，不宜超出0.3~0.6L/m2 2.具体做法及要求以设计图纸为准 | E7: m2 | F7: 8243.5 | G7: 7969.1 | H7: 2400.4 | I7: 8077.5 | J7: =F7+G7+H7+I7 -> 26690.5 | K7: 0 | L7: =J7*K7 -> 0
B8: 309-1 | C8: 4cmAC-13C罩面 | D8: 1.沥青采用 A 级 70 号道路石油沥青，面层集料采用石灰岩。 2.4cmAC-13C罩面 3.具体做法及要求以设计图纸为准 | E8: m2 | G8: 2381.9 | H8: 2400.4 | J8: =F8+G8+H8+I8 -> 4782.3 | K8: 0 | L8: =J8*K8 -> 0
B9: 309-2 | C9: 6cmAC-16C罩面 | D9: 1.沥青采用 A 级 70 号道路石油沥青，面层集料采用石灰岩。 2.6cmAC-16C罩面 3.具体做法及要求以设计图纸为准 | E9: m2 | F9: 8243.5 | G9: 5684.2 | H9: 120 | I9: 8077.5 | J9: =F9+G9+H9+I9 -> 22125.2 | K9: 0 | L9: =J9*K9 -> 0
B10: 312-1 | C10: 18cm水泥砼修补 | D10: 1.水泥混凝土28d抗弯拉强度不应小于4.0MPa。 2.含模板安拆 3.具体做法及要求以设计图纸为准 | E10: m2 | F10: 1426.57 | G10: 791.42 | H10: 120 | I10: 819.21 | J10: =F10+G10+H10+I10 -> 3157.2 | K10: 0 | L10: =J10*K10 -> 0
B11: 312-2 | C11: 钢筋 | J11: =F11+G11+H11+I11 -> 0 | L11: =J11*K11 -> 0
B12: -a | C12: 钢筋HPB300 | D12: 1.钢筋HPB300 2.具体做法及要求以设计图纸为准 | E12: kg | F12: 1352.4 | G12: 831.2 | H12: 85 | I12: 811.4 | J12: =F12+G12+H12+I12 -> 3080 | K12: 0 | L12: =J12*K12 -> 0
B13: -b | C13: 钢筋HRB400 | D13: 1.钢筋HRB400 2.具体做法及要求以设计图纸为准 | E13: kg | H13: 1.9 | I13: 17.8 | J13: =F13+G13+H13+I13 -> 19.7 | K13: 0 | L13: =J13*K13 -> 0
B14: 313-1 | C14: 土路肩培土 | D14: 1.土路肩培土应进行夯实，压实度≥90%。，路肩宽度25~50cm 2.含土方开挖、回填、运输、压实、土源费等 3.具体做法及要求以设计图纸为准 | E14: m3 | F14: 636.7 | G14: 720 | I14: 1261.7 | J14: =F14+G14+H14+I14 -> 2618.4 | K14: 0 | L14: =J14*K14 -> 0
B15: 314-3 | C15: 井盖提升校准 | D15: 1.井盖提升校准 2.含拆除、提升、安装、防坠网等 3.具体做法及要求以设计图纸为准 | E15: 座 | F15: 2 | H15: 2 | I15: 18 | J15: =F15+G15+H15+I15 -> 22 | K15: 0 | L15: =J15*K15 -> 0
B16: 314-5 | C16: 抗裂贴 | D16: 1.的抗裂贴厚度 2.0mm，宽度 32cm。 2.具体做法及要求以设计图纸为准 | E16: m2 | F16: 668.7 | G16: 380.4 | H16: 300.1 | I16: 755.9 | J16: =F16+G16+H16+I16 -> 2105.1 | K16: 0 | L16: =J16*K16 -> 0
B17: 314-8 | C17: 水泥砼路面清缝灌缝 | D17: 1.采用热沥青灌缝 2.具体做法及要求以设计图纸为准 | E17: m | F17: 2089.8 | G17: 1188.9 | H17: 937.8 | I17: 2362.2 | J17: =F17+G17+H17+I17 -> 6578.7 | K17: 0 | L17: =J17*K17 -> 0
B18: 314-9 | C18: 水泥砼路面拉毛、清理 | D18: 1.水泥砼路面拉毛、清理 2.具体做法及要求以设计图纸为准 | E18: m2 | F18: 3297.4 | G18: 791.4 | H18: 120 | I18: 3231 | J18: =F18+G18+H18+I18 -> 7439.8 | K18: 0 | L18: =J18*K18 -> 0
B19: 314-10 | C19: 桥头伸缩缝修补 | D19: 1.桥头伸缩缝修补 2.含拆除、安装等 3.具体做法及要求以设计图纸为准 | E19: m | H19: 16 | J19: =F19+G19+H19+I19 -> 16 | K19: 0 | L19: =J19*K19 -> 0
B20: 第300章小计（结转至第 页工程量清单汇总表）人民币 | J20: =SUM(L6:L19) -> 0 | L20: 元

Sheet 第600章 
B2: 子目工程量清单
B3: =汇总表!B2 -> 标段号： | K3: 货币单位：人民币元
B4: 清单 第600章 安全设施及预埋管线
B5: 子目号 | C5: 子目名称 | D5: 子目特征 | E5: 单位 | F5: 数量 | K5: 单 价 | L5: 合价
F6: 井曹线 | G6: 北杨线 | H6: 光丁线 | I6: 傅黄线 | J6: 小计
B7: 602-2 | C7: 波形梁护栏
B8: -a | C8: B级波形梁护栏 | D8: 1.B级波形梁护栏, 2.含立柱、护栏、端头、基础、反光膜等 3.具体做法及要求以设计图纸为准 | E8: m | H8: 24 | J8: =SUM(F8:I8) -> 24 | K8: 0 | L8: =J8*K8 -> 0
B9: -b | C9: C级波形梁护栏 | D9: 1.C级波形梁护栏, 2.含立柱、护栏、端头、基础、反光膜等 3.具体做法及要求以设计图纸为准 | E9: m | F9: 64 | G9: 28 | I9: 158 | J9: =SUM(F9:I9) -> 250 | K9: 0 | L9: =J9*K9 -> 0
B10: 604-1 | C10: 单柱式交通标志 | J10: =SUM(F10:I10) -> 0 | L10: =J10*K10 -> 0
B11: -a | C11: 停车让行标志 | D11: 1.单柱式D=60cm停车让行标志牌 2.立柱Φ76x4x3030mm，Q235钢材 3.600*600*600mm C30混凝土基础，含钢筋 4.Φ600*2mm标志板采用3003铝,与横向滑动槽用铆钉连接，板面上的铆钉应打磨平滑，滑动槽与立柱用抱箍连接，Ⅱ类反光膜 5.含土方开挖、回填、弃置等 6.具体做法及要求以设计图纸为准 | E11: 套 | F11: 2 | G11: 2 | I11: 1 | J11: =SUM(F11:I11) -> 5 | K11: 0 | L11: =J11*K11 -> 0
B12: -b | C12: 警告标志标志 | D12: 1.单柱式A=70cm警告标志标志牌 2.立柱Φ76x4x2956mm，Q235钢材 3.600*600*600mm C30混凝土基础，含钢筋 4.Φ600*2mm标志板采用3003铝,与横向滑动槽用铆钉连接，板面上的铆钉应打磨平滑，滑动槽与立柱用抱箍连接，Ⅱ类反光膜 5.含土方开挖、回填、弃置等 6.具体做法及要求以设计图纸为准 | E12: 套 | F12: 6 | G12: 7 | I12: 5 | J12: =SUM(F12:I12) -> 18 | K12: 0 | L12: =J12*K12 -> 0
B13: -c | C13: 限速标志 | D13: 1.单柱式D=60cm限速标志牌 2.立柱Φ76x4x3030mm，Q235钢材 3.600*600*600mm C30混凝土基础，含钢筋 4.Φ600*2mm标志板采用3003铝,与横向滑动槽用铆钉连接，板面上的铆钉应打磨平滑，滑动槽与立柱用抱箍连接，Ⅱ类反光膜 5.含土方开挖、回填、弃置等 6.具体做法及要求以设计图纸为准 | E13: 套 | F13: 2 | G13: 2 | H13: 1 | I13: 2 | J13: =SUM(F13:I13) -> 7 | K13: 0 | L13: =J13*K13 -> 0
B14: -d | C14: 错车道标志 | D14: 1.单柱式60x60cm错车道标志牌 2.立柱Φ76x4x3030mm，Q235钢材 3.600*600*600mm C30混凝土基础，含钢筋 4.600*600*2mm标志板采用3003铝,与横向滑动槽用铆钉连接，板面上的铆钉应打磨平滑，滑动槽与立柱用抱箍连接，Ⅱ类反光膜 5.含土方开挖、回填、弃置等 6.具体做法及要求以设计图纸为准 | E14: 套 | G14: 8 | J14: =SUM(F14:I14) -> 8 | K14: 0 | L14: =J14*K14 -> 0
B15: -e | C15: 交叉口标志 | D15: 1.单柱式A=70cm交叉口标志牌 2.立柱Φ76x4x2956mm，Q235钢材 3.600*600*600mm C30混凝土基础，含钢筋 4.Φ600*2mm标志板采用3003铝,与横向滑动槽用铆钉连接，板面上的铆钉应打磨平滑，滑动槽与立柱用抱箍连接，Ⅱ类反光膜 5.含土方开挖、回填、弃置等 6.具体做法及要求以设计图纸为准 | E15: 套 | F15: 2 | J15: =SUM(F15:I15) -> 2 | K15: 0 | L15: =J15*K15 -> 0
B16: -f | C16: 标志换膜 | D16: 1.单柱式D=60cm标志牌换Ⅱ类反光膜 2.具体做法及要求以设计图纸为准 | E16: 个 | I16: 1 | J16: =SUM(F16:I16) -> 1 | K16: 0 | L16: =J16*K16 -> 0
B17: -g | C17: 凸面镜 | D17: 1.单柱式凸面镜 | E17: 套 | F17: 2 | J17: =SUM(F17:I17) -> 2 | K17: 0 | L17: =J17*K17 -> 0
B18: 603-7 | C18: 钢立柱 | J18: =SUM(F18:I18) -> 0 | L18: =J18*K18 -> 0
B19: -a | C19: 道口标注 | D19: 1.道口标柱截面为圆形，直径为114mm，高80cm，颜色应为红白相间。 2.壁厚3mm 3.具体做法及要求以设计图纸为准 | E19: 根 | F19: 26 | G19: 28 | H19: 10 | I19: 23 | J19: =SUM(F19:I19) -> 87 | K19: 0 | L19: =J19*K19 -> 0
B20: -b | C20: 示警桩 | D20: 1.示警桩截面为圆形，直径为114mm，高80cm，颜色应为黄黑相间。 2.壁厚3mm 3.具体做法及要求以设计图纸为准 | E20: 根 | F20: 196 | J20: =SUM(F20:I20) -> 196 | K20: 0 | L20: =J20*K20 -> 0
B21: 605-1 | C21: 热熔型路面标线 | D21: 1.标线材料采用热熔型反光涂料，标线厚 1.8~2.0mm，标线涂料采用热熔型，白色反光标线逆反射系数不低于 80cd·lx-1·m-2，黄色反光标线逆反射系数不低于 50 cd·lx-1·m-2，用量按 4.8Kg/m²，表面与涂料混合撒布玻璃微珠，玻璃微珠应均匀分布，用量为 0.3Kg/m2，预混采用 2 号玻璃珠，面撒采用 1 号玻璃珠。 2.含有道路中心线、车行道边缘线、人行横道线、导向箭头、停止线、减速让行线等。道路中心线等 3.具体做法及要求以设计图纸为准 | E21: m2 | F21: 353.74 | G21: 400 | H21: 167.9 | I21: 336.44 | J21: =SUM(F21:I21) -> 1258.08 | K21: 0 | L21: =J21*K21 -> 0
B22: 605-7 | C22: 立面标记 | D22: 1.立面标记为黄黑相间的倾斜线条，斜线倾角为45，线宽均为15cm。向下倾斜的一边应朝向车道，应涂至距路面至少2.5m的离度立面标记设置宽度不小于30cm，具体可结合构造物宽度设置,立面标记需清理表面、刷漆两遍，材料需满足《立面反光标记涂料》(JT/T1327-2020)规范要求。 2.具体做法及要求以设计图纸为准 | E22: m2 | F22: 60 | G22: 58.5 | H22: 12 | I22: 78 | J22: =SUM(F22:I22) -> 208.5 | K22: 0 | L22: =J22*K22 -> 0
B23: 第600章小计（结转至第 页工程量清单汇总表）人民币 | I23: =SUM(L8:L22) -> 0 | L23: 元
